 Dungeon Crawl Stone Soup version 0.28.0 (webtiles) character file.

Game seed: 10858449233697822870

7 Aksej the Skirmisher (level 1, -1/18 HPs)
             Began as a Demonspawn Monk on Feb 12, 2022.
             Slain by a quokka (4 damage)
             ... on level 1 of the Dungeon.
             The game lasted 00:01:18 (231 turns).

Aksej the Skirmisher (Demonspawn Monk)               Turns: 231, Time: 00:01:19

Health: -1/18      AC:  2    Str: 11    XL:     1   Next: 91%
Magic:  1/1        EV: 13    Int: 11    God:
Gold:   14         SH:  0    Dex: 15    Spells: 0/0 levels left

rFire   . . .      SeeInvis .   a - +0 falchion
rCold   . . .      Faith    .   (no shield)
rNeg    . . .      Spirit   .   b - +0 robe
rPois   .          Reflect  .   (no helmet)
rElec   .          Harm     .   (no cloak)
rCorr   .          Rampage  .   (no gloves)
Will    .....                   (no boots)
Stlth   ++........              (no amulet)
HPRegen 0.06/turn               (no ring)
MPRegen 0.07/turn               (no ring)

@: no status effects
A: no striking features
a: no special abilities


You were on level 1 of the Dungeon.
You visited 1 branch of the dungeon, and saw 1 of its levels.

You collected 14 gold pieces.

Inventory:

Hand Weapons
 a - a +0 falchion (weapon)
Armour
 b - a +0 robe (worn)
Potions
 c - a potion of curing {unknown}


   Skills:
 * Level 3.1 Fighting
 + Level 2.9 Long Blades
 * Level 2.9 Dodging
 + Level 1.7 Stealth


You couldn't memorise any spells.
You didn't know any spells.
Your spell library was empty.

Dungeon Overview and Level Annotations

Branches:
Dungeon (1/15)

Altars:


Message History

A quokka comes into view.
A goblin comes into view. It is wielding a +0 club.
The goblin shouts!
A giant cockroach comes into view.
The giant cockroach bites you.
You barely miss the giant cockroach. The giant cockroach closely misses you.
The giant cockroach barely misses you.
You barely miss the giant cockroach. The giant cockroach bites you.
The goblin hits you with a +0 club.
You closely miss the giant cockroach. The giant cockroach misses you.
The goblin misses you.
You barely miss the giant cockroach. The quokka bites you.
The giant cockroach barely misses you. The quokka barely misses you.
The goblin hits you with a +0 club.
The giant cockroach bites you but does no damage.
You hit the giant cockroach.
You punch the giant cockroach, but do no damage.
The giant cockroach is moderately wounded.
The quokka bites you.
The giant cockroach bites you but does no damage.
The goblin hits you with a +0 club.
You are too injured to fight recklessly!
You are too injured to fight recklessly!
You are too injured to fight recklessly!
You are too injured to fight recklessly!
You open the door. The quokka closely misses you.
The giant cockroach completely misses you.
The goblin closely misses you. The quokka bites you.
* * * LOW HITPOINT WARNING * * *
The giant cockroach bites you but does no damage.
There is an open door here.
You are too injured to fight recklessly!
You are too injured to fight recklessly!
You are too injured to fight recklessly!
You closely miss the goblin. The goblin hits you with a +0 club.
* * * LOW HITPOINT WARNING * * *
You hit the goblin.
You kill the goblin!
The quokka bites you.
You die...

#....'...........#
#....#.########...
#....#.########...
#....#........[...
#....#............
#....+............
###....#...........#
##...####...........#
#...@.# #...........#
#..##r###...........#
#....................
.............##########.
.............#########..
.............#.#.#.#.#..
.............##.#.#.#.##
...............#.#.#.##
..........###.#.#<#.#.#


You could see a quokka.

Vanquished Creatures
  2 bats (D:1)
  2 goblins (D:1)
  A quokka (D:1)
  2 frilled lizards (D:1)
  A kobold (D:1)
8 creatures vanquished.

Notes
Turn   | Place    | Note
-------+----------+-------------------------------------------
     0 | D:1      | Aksej the Demonspawn Monk began the quest for the Orb.
     0 | D:1      | Reached XP level 1. HP: 18/18 MP: 1/1
   231 | D:1      | Slain by a quokka

Illustrated notes

Levels and vault maps discovered:
D:1:      lightli_arrival_chessboard, layout_basic,
          hellmonk_ecumenical_altar_arch_garden

Action                   || total
-------------------------++-------
Melee: Falchion          ||    26
       Punch             ||     1
Armor: Robe              ||     9
Dodge: Dodged            ||    30
